Rockets vs Wranglers
(R1)
Created - November 12, 2024 at 20:44
Goals
|
Rockets |
0 |
1 |
3 |
4 |
Wranglers |
3 |
1 |
1 |
5 |
|
Shots
|
Rockets |
12 |
4 |
14 |
30 |
Wranglers |
17 |
10 |
12 |
39 |
|
1st period
1. Wranglers , Peter Cehlarik 13 (Dominik Masin 3, Nico Sturm 14) at 17:07
2. Wranglers , Nico Sturm 8 (Barclay Goodrow 11, Peter Cehlarik 9) at 17:22
3. Wranglers , Ryan Donato 1 (Chandler Stephenson 5, Brandon Hickey 2) at 18:11
Penalties :
Cole Caufield (Lav) for Hooking (Minor) at 6:50
2nd period
4. Wranglers , Vitali Kravtsov 1 (Dominik Masin 4) at 18:25
5. Rockets , Cole Caufield 2 (Jacob Larsson 2, Eric Karlsson 7) at 19:47
Penalties :
Erik Brannstrom (Cal) for Tripping (Minor) at 2:35, Moritz Seider (Lav) for Tripping (Minor) at 2:39, Eric Karlsson (Lav) for Hooking (Minor) at 8:08
3rd period
6. Rockets , Kirby Dach 5 (Eric Karlsson 8, Jayden Struble 1) at 5:35
7. Rockets , Tage Thompson 2 (Nick Suzuki 8, Brady Tkachuk 9) at 8:20
8. Rockets , Josh Anderson 2 (Grant Besse 4, Eric Karlsson 9) at 11:15
9. Wranglers , Barclay Goodrow 6 (Peter Cehlarik 10, Nico Sturm 15) at 16:15
Penalties :
Nick Suzuki (Lav) for Roughing (Minor) at 1:00, Erik Brannstrom (Cal) for Roughing (Minor) at 8:27, Eric Karlsson (Lav) for Slashing (Minor) at 17:20
Goalie Stats
Pyotr Kochetkov (Lav), 34 saves from 39 shots - (0.872), L, 2-3-0, 59:28 minutes
Vitek Vanecek (Cal), 26 saves from 30 shots - (0.867), W, 6-1-0, 60:00 minutes
Players Stats for Rockets
Player Name G A P +/- PIM S H SB GA TA FO MP PP MP PK MP
------------------------------------------------------------------------------------
Alex Newhook 0 0 0 0 0 0 1 1 0 0 0/0 10:29 0:49 0:49
Aliaksei Protas 0 0 0 0 0 0 1 0 0 0 0/0 8:20 0:00 0:00
Arber Xhekaj 0 0 0 -2 0 0 6 2 0 1 0/0 23:12 0:00 4:12
Bowen Byram 0 0 0 -1 0 0 0 2 0 0 0/0 10:38 0:00 0:00
Brady Tkachuk 0 1 1 0 0 7 5 1 1 0 0/1 17:51 1:14 0:00
Cole Caufield 1 0 1 0 2 2 0 0 0 0 0/0 11:19 1:14 0:00
Eric Karlsson 0 3 3 1 4 1 2 0 1 0 1/1 11:35 0:00 1:09
Grant Besse 0 1 1 -1 0 0 0 0 0 1 13/20 18:25 0:00 4:26
Jacob Bryson 0 0 0 -1 0 0 0 1 1 0 0/0 14:50 0:37 5:14
Jacob Larsson 0 1 1 0 0 1 2 1 1 0 0/0 19:36 0:37 2:46
Jayden Struble 0 1 1 -1 0 0 2 3 1 0 0/0 14:57 0:00 1:27
Jeff Corbett 0 0 0 2 0 4 0 0 0 1 0/0 20:46 1:26 2:21
Josh Anderson 1 0 1 -1 0 4 1 1 2 0 0/0 19:09 0:00 4:21
Kirby Dach 1 0 1 0 0 1 0 0 0 0 2/4 10:18 0:49 0:00
Matias Maccelli 0 0 0 -2 0 0 0 0 1 1 0/0 14:23 0:49 0:00
Moritz Seider 0 0 0 1 2 2 0 1 0 1 0/0 15:41 1:25 0:00
Nick Suzuki 0 1 1 0 2 4 1 2 1 0 14/27 19:27 1:14 1:04
Nicolas Hague 0 0 0 0 0 0 0 0 0 0 0/0 0:28 0:00 0:00
Tage Thompson 1 0 1 0 0 4 0 0 0 0 1/4 17:26 0:00 1:52
Zach Stepan 0 0 0 0 0 0 0 0 0 0 0/2 11:10 0:00 2:19
Players Stats for Wranglers
Player Name G A P +/- PIM S H SB GA TA FO MP PP MP PK MP
------------------------------------------------------------------------------------
Barclay Goodrow 1 1 2 -1 0 3 4 1 0 0 2/2 21:02 3:45 0:20
Brandon Hickey 0 1 1 -1 0 1 0 1 0 1 0/0 21:50 3:25 0:56
Chandler Stephenson 0 1 1 1 0 2 3 0 1 0 6/11 17:54 3:29 0:19
Christian Jaros 0 0 0 -2 0 3 0 2 0 1 0/0 19:49 3:24 0:56
Dominik Masin 0 2 2 2 0 2 1 0 0 0 0/0 14:30 0:00 1:07
Erik Brannstrom 0 0 0 0 4 4 0 2 0 0 0/0 24:05 4:39 0:00
Frank Corrado 0 0 0 1 0 1 4 1 0 3 0/0 28:09 4:35 1:07
Jesper Bratt 0 0 0 1 0 1 4 0 2 0 0/0 17:30 3:28 0:00
Nico Sturm 1 2 3 -1 0 8 1 0 0 0 12/29 22:33 3:49 0:31
Peter Cehlarik 1 2 3 -1 0 7 2 1 0 0 0/2 22:16 3:45 0:30
Phillip Danault 0 0 0 1 0 1 2 0 0 1 2/4 11:33 0:47 1:13
Ryan Donato 1 0 1 1 0 3 2 2 0 1 1/2 14:51 0:43 0:00
Ryan Spooner 0 0 0 0 0 0 0 0 1 1 4/7 9:51 0:00 1:13
Tanner Jeannot 0 0 0 0 0 1 4 0 1 0 1/2 12:06 3:28 0:00
Taylor Raddysh 0 0 0 0 0 0 0 1 0 0 0/0 9:57 0:43 0:00
Trevor Carrick 0 0 0 2 0 1 0 0 0 1 0/0 11:45 0:00 0:00
Vitali Kravtsov 1 0 1 1 0 1 0 0 0 0 0/0 8:16 0:00 0:00
Vladislav Kamenev 0 0 0 1 0 0 0 1 0 0 0/0 8:03 0:00 0:00
3 Stars
1 - Peter Cehlarik (Cal)
2 - Nico Sturm (Cal)
3 - Barclay Goodrow (Cal)
Power Play
Rockets - 0 on 2 Attempt(s) - 0.00%
Wranglers - 0 on 5 Attempt(s) - 0.00%
Penalty Kill
Rockets - 5 on 5 Attempt(s) - 100.00%
- Score 0 goal in Penalty Kill
Wranglers - 2 on 2 Attempt(s) - 100.00%
- Score 0 goal in Penalty Kill
Team Stat
Rockets - Hits : 21 - Faceoff Wins : 31 - Blocked Shots : 15 - Penalty Minutes : 10
Wranglers - Hits : 27 - Faceoff Wins : 28 - Blocked Shots : 12 - Penalty Minutes : 4
Official
Referees : Tim Peel and Jean Hebert
Linesman : Jesse Marquis and Jonny Murray
Game Notes
Nicolas Hague is injured at 0:27 of 1st period (Right Leg)
Finance
Level 1 -- Attendance: 1827 (91.35%) -- Ticket Income $127,890
Level 2 -- Attendance: 938 (93.80%) -- Ticket Income $37,520
Total Attendance: 2765 (92.17%)
Total Ticket Income: $165,410
Other Income: $8,270
Total Income: $173,680
Rockets
5 vs 5 Forward
Center Left Wing Right Wing Time % Phy DF OF
1 Nick Suzuki Brady Tkachuk Tage Thompson 40 1 2 2
2 Grant Besse Matias Maccelli Josh Anderson 30 1 2 2
3 Zach Stepan Alex Newhook Aliaksei Protas 15 1 2 2
4 Kirby Dach Eric Karlsson Cole Caufield 15 1 2 2
5 vs 5 Defense
Defense Defense Time % Phy DF OF
1 Nicolas Hague Jacob Larsson 30 1 3 1
2 Jeff Corbett Moritz Seider 30 0 3 2
3 Jacob Bryson Arber Xhekaj 20 2 3 0
4 Jayden Struble Bowen Byram 20 2 3 0
PowerPlay Forward
Center Left Wing Right Wing Time % Phy DF OF
1 Nick Suzuki Brady Tkachuk Cole Caufield 60 1 2 2
2 Kirby Dach Matias Maccelli Alex Newhook 40 1 2 2
PowerPlay Defense
Defense Defense Time % Phy DF OF
1 Moritz Seider Jeff Corbett 60 1 2 2
2 Jacob Bryson Jacob Larsson 40 1 2 2
Penalty Kill 4 Players Forward
Center Wing Time % Phy DF OF
1 Grant Besse Josh Anderson 60 1 3 1
2 Zach Stepan Tage Thompson 40 1 3 1
Penalty Kill 4 Players Defense
Defense Defense Time % Phy DF OF
1 Nicolas Hague Jacob Bryson 60 1 4 0
2 Jacob Larsson Jeff Corbett 40 1 4 0
Penalty Kill - 3 Players Forward
Forward Time % Phy DF OF
1 Tage Thompson 60 1 3 1
2 Josh Anderson 40 1 3 1
Penalty Kill - 3 Players Defense
Defense Defense Time % Phy DF OF
1 Nicolas Hague Jacob Larsson 60 1 4 0
2 Jeff Corbett Jacob Bryson 40 1 4 0
4 vs 4 Forward
Center Wing Time % Phy DF OF
1 Nick Suzuki Josh Anderson 60 1 2 2
2 Zach Stepan Brady Tkachuk 40 1 2 2
4 vs 4 Defense
Defense Defense Time % Phy DF OF
1 Nicolas Hague Jacob Larsson 60 1 2 2
2 Jeff Corbett Jacob Bryson 40 1 2 2
Last Minutes Offensive
Center Left Wing Right Wing Defense Defense
Nick Suzuki Brady Tkachuk Cole Caufield Jeff Corbett Moritz Seider
Last Minutes Defensive
Center Left Wing Right Wing Defense Defense
Zach Stepan Brady Tkachuk Josh Anderson Nicolas Hague Jeff Corbett
Goaltenders
Starting : Pyotr Kochetkov
Backup : Justus Annunen
Extra Forwards
Normal : Brady Tkachuk, Matias Maccelli, Alex Newhook - PP : Tage Thompson, Zach Stepan - PK : Nick Suzuki
Extra Defensemen
Normal : Arber Xhekaj, Jayden Struble, Bowen Byram - PP : Bowen Byram - PK : Arber Xhekaj, Jayden Struble
Penalty Shots
Nick Suzuki, Cole Caufield, Josh Anderson, Zach Stepan, Grant Besse
Custom OT Lines Forwards
Brady Tkachuk, Nick Suzuki, Kirby Dach, Josh Anderson, Zach Stepan, Eric Karlsson, Matias Maccelli, Tage Thompson, Cole Caufield, Alex Newhook
Custom OT Lines Defensemen
Nicolas Hague, Jacob Larsson, Jeff Corbett, Jacob Bryson, Moritz Seider
Scratches
Nick Blankenburg (Fractured Bone in Right Hand Injury), Hunter Drew (Healthy), Michael Pezzetta (Healthy), Zachary Gallant (Healthy), Nikita Okhotyuk (Healthy)
Ville Heinola (Healthy), Olle Eriksson Ek (Healthy)
Wranglers
5 vs 5 Forward
Center Left Wing Right Wing Time % Phy DF OF
1 Nico Sturm Peter Cehlarik Barclay Goodrow 40 1 2 2
2 Chandler Stephenson Jesper Bratt Ryan Donato 30 1 2 2
3 Ryan Spooner Tanner Jeannot Taylor Raddysh 20 1 2 2
4 Phillip Danault Vitali Kravtsov Vladislav Kamenev 10 1 2 2
5 vs 5 Defense
Defense Defense Time % Phy DF OF
1 Erik Brannstrom Frank Corrado 40 1 2 2
2 Brandon Hickey Christian Jaros 30 1 2 2
3 Dominik Masin Trevor Carrick 20 1 2 2
4 Brandon Hickey Frank Corrado 10 1 2 2
PowerPlay Forward
Center Left Wing Right Wing Time % Phy DF OF
1 Nico Sturm Peter Cehlarik Barclay Goodrow 60 1 2 2
2 Chandler Stephenson Jesper Bratt Tanner Jeannot 40 1 2 2
PowerPlay Defense
Defense Defense Time % Phy DF OF
1 Erik Brannstrom Frank Corrado 60 1 2 2
2 Brandon Hickey Christian Jaros 40 1 2 2
Penalty Kill 4 Players Forward
Center Wing Time % Phy DF OF
1 Ryan Spooner Phillip Danault 60 1 2 2
2 Nico Sturm Barclay Goodrow 40 1 2 2
Penalty Kill 4 Players Defense
Defense Defense Time % Phy DF OF
1 Dominik Masin Frank Corrado 60 1 2 2
2 Brandon Hickey Christian Jaros 40 1 2 2
Penalty Kill - 3 Players Forward
Forward Time % Phy DF OF
1 Ryan Spooner 60 1 2 2
2 Nico Sturm 40 1 2 2
Penalty Kill - 3 Players Defense
Defense Defense Time % Phy DF OF
1 Dominik Masin Frank Corrado 60 1 2 2
2 Brandon Hickey Christian Jaros 40 1 2 2
4 vs 4 Forward
Center Wing Time % Phy DF OF
1 Nico Sturm Peter Cehlarik 60 1 2 2
2 Chandler Stephenson Phillip Danault 40 1 2 2
4 vs 4 Defense
Defense Defense Time % Phy DF OF
1 Dominik Masin Frank Corrado 60 1 2 2
2 Brandon Hickey Christian Jaros 40 1 2 2
Last Minutes Offensive
Center Left Wing Right Wing Defense Defense
Nico Sturm Peter Cehlarik Barclay Goodrow Erik Brannstrom Frank Corrado
Last Minutes Defensive
Center Left Wing Right Wing Defense Defense
Nico Sturm Peter Cehlarik Barclay Goodrow Dominik Masin Frank Corrado
Goaltenders
Starting : Vitek Vanecek
Backup : Joel Hofer
Extra Forwards
Normal : Jesper Bratt, Peter Cehlarik, Nico Sturm - PP : Jesper Bratt, Chandler Stephenson - PK : Nico Sturm
Extra Defensemen
Normal : Christian Jaros, Brandon Hickey, Dominik Masin - PP : Dominik Masin - PK : Erik Brannstrom, Christian Jaros
Penalty Shots
Jesper Bratt, Peter Cehlarik, Nico Sturm, Chandler Stephenson, Barclay Goodrow
Custom OT Lines Forwards
Ryan Spooner, Peter Cehlarik, Chandler Stephenson, Nico Sturm, Jesper Bratt, Taylor Raddysh, Phillip Danault, Ryan Donato, Barclay Goodrow, Vladislav Kamenev
Custom OT Lines Defensemen
Erik Brannstrom, Frank Corrado, Brandon Hickey, Christian Jaros, Dominik Masin
Scratches
Filip Hallander (Healthy), Skyler Brind'Amour (Healthy), Darren Raddysh (Healthy), Tim Berni (Healthy), Petteri Lindbohm (Healthy)
Ivan Chekhovich (Healthy), Radim Zohorna (Healthy), Demetrios Koumontzis (Healthy), Zac Jones (Healthy), Yegor Zaitsev (Healthy)
Lucas Feuk (Healthy), Kaapo Kakko (Healthy), Cole Schwindt (Healthy), Collin Delia (Healthy)
% Time on Ice - Rockets
Lines # - Real PCT - Wanted PCT - Time Play
Normal Forward
1 - 33% - 40% - 15:39
2 - 30% - 30% - 14:00
3 - 18% - 15% - 8:20
4 - 20% - 15% - 9:23
Normal Defense
1 - 31% - 30% - 14:39
2 - 30% - 30% - 14:17
3 - 16% - 20% - 7:48
4 - 22% - 20% - 10:38
PP Forward
1 - 60% - 60% - 1:14
2 - 40% - 40% - 0:49
PP Defense
1 - 70% - 60% - 1:26
2 - 30% - 40% - 0:37
PK Forward
1 - 77% - 60% - 6:08
2 - 23% - 40% - 1:52
PK Defense
1 - 71% - 60% - 5:39
2 - 29% - 40% - 2:21
PK3 Forward
1 - 0% - 60%
2 - 0% - 40%
PK3 Defense
1 - 0% - 60%
2 - 0% - 40%
44 Forward
1 - 77% - 60% - 1:28
2 - 23% - 40% - 0:27
44 Defense
1 - 67% - 60% - 1:17
2 - 33% - 40% - 0:38
Last Minute Offensive - 0:40
Last Minute Defensive - 0:00
Total
Forward - 60:00
Defense - 60:00
|
% Time on Ice - Wranglers
Lines # - Real PCT - Wanted PCT - Time Play
Normal Forward
1 - 36% - 40% - 17:13
2 - 29% - 30% - 13:32
3 - 18% - 20% - 8:38
4 - 17% - 10% - 8:03
Normal Defense
1 - 40% - 40% - 19:09
2 - 30% - 30% - 14:14
3 - 25% - 20% - 11:45
4 - 5% - 10% - 2:18
PP Forward
1 - 57% - 60% - 4:32
2 - 43% - 40% - 3:28
PP Defense
1 - 58% - 60% - 4:36
2 - 43% - 40% - 3:24
PK Forward
1 - 84% - 60% - 1:43
2 - 16% - 40% - 0:20
PK Defense
1 - 54% - 60% - 1:07
2 - 46% - 40% - 0:56
PK3 Forward
1 - 0% - 60%
2 - 0% - 40%
PK3 Defense
1 - 0% - 60%
2 - 0% - 40%
44 Forward
1 - 78% - 60% - 1:30
2 - 22% - 40% - 0:25
44 Defense
1 - 64% - 60% - 1:14
2 - 36% - 40% - 0:41
Last Minute Offensive - 0:00
Last Minute Defensive - 0:36
Total
Forward - 60:00
Defense - 60:00
|
Play-by-Play
1st period
0:01 of 1st period - Nico Sturm wins face-off versus Nick Suzuki in neutral zone.
0:10 of 1st period - Wrist shot by Barclay Goodrow.
0:10 of 1st period - Stopped by Pyotr Kochetkov with a rebound.
0:12 of 1st period - Wrist shot by Nico Sturm.
0:12 of 1st period - Stopped by Pyotr Kochetkov with a rebound.
0:26 of 1st period - Nicolas Hague is hit by Frank Corrado and loses puck.
0:27 of 1st period - Nicolas Hague from Rockets is injured at 0:27 of 1st period (Right Leg).
0:28 of 1st period - Chandler Stephenson wins face-off versus Zach Stepan in Rockets zone.
0:31 of 1st period - Slapshot by Jesper Bratt.
0:31 of 1st period - Shot Blocked by Moritz Seider.
1:01 of 1st period - Off-side.
1:02 of 1st period - Eric Karlsson wins face-off versus Ryan Spooner in neutral zone.
1:27 of 1st period - Trevor Carrick is hit by Brady Tkachuk and loses puck.
1:32 of 1st period - Slapshot by Brady Tkachuk.
1:32 of 1st period - Stopped by Vitek Vanecek without a rebound.
1:33 of 1st period - Nico Sturm wins face-off versus Tage Thompson in Wranglers zone.
1:38 of 1st period - Slapshot by Peter Cehlarik.
1:38 of 1st period - Stopped by Pyotr Kochetkov with a rebound.
2:10 of 1st period - Wrist shot by Brady Tkachuk.
2:10 of 1st period - Stopped by Vitek Vanecek without a rebound.
2:11 of 1st period - Grant Besse wins face-off versus Nico Sturm in Wranglers zone.
2:36 of 1st period - Peter Cehlarik is hit by Eric Karlsson and loses puck.
2:51 of 1st period - Nico Sturm is hit by Jacob Larsson and loses puck.
3:32 of 1st period - Erik Brannstrom is hit by Brady Tkachuk and loses puck.
3:45 of 1st period - Wrist shot by Phillip Danault.
3:45 of 1st period - Shot Blocked by Brady Tkachuk.
4:05 of 1st period - Snap shot by Nick Suzuki.
4:05 of 1st period - Stopped by Vitek Vanecek with a rebound.
4:07 of 1st period - Wrist shot by Nick Suzuki.
4:07 of 1st period - Shot Blocked by Christian Jaros.
4:09 of 1st period - Wrist shot by Brady Tkachuk.
4:09 of 1st period - Shot Misses the Net.
4:11 of 1st period - Wrist shot by Tage Thompson.
4:11 of 1st period - Stopped by Vitek Vanecek without a rebound.
4:12 of 1st period - Chandler Stephenson wins face-off versus Grant Besse in Wranglers zone.
4:37 of 1st period - Barclay Goodrow is hit by Arber Xhekaj and loses puck.
4:48 of 1st period - Snap shot by Zach Stepan.
4:48 of 1st period - Deflect By Alex Newhook.
4:48 of 1st period - Shot Misses the Net.
4:48 of 1st period - Puck is out of play.
4:49 of 1st period - Grant Besse wins face-off versus Tanner Jeannot in Wranglers zone.
5:14 of 1st period - Wrist shot by Eric Karlsson.
5:14 of 1st period - Stopped by Vitek Vanecek with a rebound.
5:16 of 1st period - Snap shot by Cole Caufield.
5:16 of 1st period - Stopped by Vitek Vanecek without a rebound.
5:17 of 1st period - Kirby Dach wins face-off versus Nico Sturm in Wranglers zone.
5:28 of 1st period - Snap shot by Peter Cehlarik.
5:28 of 1st period - Stopped by Pyotr Kochetkov with a rebound.
5:30 of 1st period - Snap shot by Trevor Carrick.
5:30 of 1st period - Shot Misses the Net.
5:32 of 1st period - Slapshot by Dominik Masin.
5:32 of 1st period - Stopped by Pyotr Kochetkov without a rebound.
5:33 of 1st period - Grant Besse wins face-off versus Ryan Donato in Rockets zone.
5:33 of 1st period - Grant Besse is hit by Jesper Bratt.
5:43 of 1st period - Wrist shot by Jesper Bratt.
5:43 of 1st period - Shot Misses the Net.
6:50 of 1st period - Minor Penalty to Cole Caufield for Hooking.
6:51 of 1st period - Grant Besse wins face-off versus Nico Sturm in Rockets zone.
8:50 of 1st period - Penalty to Cole Caufield is over, Cole Caufield is back on ice.
8:58 of 1st period - Moritz Seider is hit by Phillip Danault and loses puck.
9:38 of 1st period - Grant Besse is hit by Phillip Danault and loses puck.
9:49 of 1st period - Arber Xhekaj is hit by Barclay Goodrow and loses puck.
10:20 of 1st period - Eric Karlsson is hit by Chandler Stephenson and loses puck.
10:33 of 1st period - Phillip Danault is hit by Aliaksei Protas and loses puck.
11:01 of 1st period - Slapshot by Jacob Larsson.
11:01 of 1st period - Stopped by Vitek Vanecek without a rebound.
11:02 of 1st period - Nick Suzuki wins face-off versus Nico Sturm in Wranglers zone.
11:47 of 1st period - Slapshot by Jeff Corbett.
11:47 of 1st period - Deflect By Eric Karlsson.
11:47 of 1st period - Shot Blocked by Taylor Raddysh.
11:47 of 1st period - Puck is out of play.
11:48 of 1st period - Ryan Spooner wins face-off versus Kirby Dach in Wranglers zone.
11:55 of 1st period - Moritz Seider is hit by Tanner Jeannot and loses puck.
12:11 of 1st period - Eric Karlsson is hit by Tanner Jeannot and loses puck.
12:32 of 1st period - Snap shot by Ryan Spooner.
12:32 of 1st period - Deflect By Tanner Jeannot.
12:32 of 1st period - Shot Misses the Net.
12:32 of 1st period - Puck is out of play.
12:33 of 1st period - Nico Sturm wins face-off versus Nick Suzuki in Rockets zone.
13:01 of 1st period - Snap shot by Josh Anderson.
13:01 of 1st period - Stopped by Vitek Vanecek without a rebound.
13:02 of 1st period - Grant Besse wins face-off versus Chandler Stephenson in Wranglers zone.
13:03 of 1st period - Snap shot by Josh Anderson.
13:03 of 1st period - Stopped by Vitek Vanecek with a rebound.
13:23 of 1st period - Chandler Stephenson is hit by Brady Tkachuk.
14:18 of 1st period - Wrist shot by Tanner Jeannot.
14:18 of 1st period - Stopped by Pyotr Kochetkov with a rebound.
14:51 of 1st period - Snap shot by Peter Cehlarik.
14:51 of 1st period - Deflect By Nico Sturm.
14:51 of 1st period - Stopped by Pyotr Kochetkov with a rebound.
14:53 of 1st period - Wrist shot by Dominik Masin.
14:53 of 1st period - Shot Blocked by Jayden Struble.
15:11 of 1st period - Ryan Spooner is hit by Jayden Struble and loses puck.
15:31 of 1st period - Grant Besse is hit by Dominik Masin and loses puck.
15:51 of 1st period - Moritz Seider is hit by Barclay Goodrow and loses puck.
16:10 of 1st period - Snap shot by Vitali Kravtsov.
16:10 of 1st period - Deflect By Vladislav Kamenev.
16:10 of 1st period - Shot Blocked by Arber Xhekaj.
16:10 of 1st period - Puck is out of play.
16:11 of 1st period - Nick Suzuki wins face-off versus Phillip Danault in Rockets zone.
16:18 of 1st period - Snap shot by Phillip Danault.
16:18 of 1st period - Shot Misses the Net.
16:28 of 1st period - Vitali Kravtsov is hit by Brady Tkachuk and loses puck.
16:51 of 1st period - Snap shot by Zach Stepan.
16:51 of 1st period - Shot Blocked by Vladislav Kamenev.
17:03 of 1st period - Snap shot by Nico Sturm.
17:03 of 1st period - Stopped by Pyotr Kochetkov with a rebound.
17:05 of 1st period - Snap shot by Dominik Masin.
17:05 of 1st period - Deflect By Jacob Larsson.
17:05 of 1st period - Stopped by Pyotr Kochetkov with a rebound.
17:07 of 1st period - Slapshot by Dominik Masin.
17:07 of 1st period - Deflect By Peter Cehlarik.
17:07 of 1st period - Goal by Peter Cehlarik - Rockets : 0 - Wranglers : 1.
17:08 of 1st period - Barclay Goodrow wins face-off versus Tage Thompson in neutral zone.
17:16 of 1st period - Slapshot by Peter Cehlarik.
17:16 of 1st period - Shot Misses the Net.
17:18 of 1st period - Snap shot by Nico Sturm.
17:18 of 1st period - Shot Misses the Net.
17:20 of 1st period - Snap shot by Barclay Goodrow.
17:20 of 1st period - Shot Blocked by Arber Xhekaj.
17:22 of 1st period - Snap shot by Nico Sturm.
17:22 of 1st period - Goal by Nico Sturm - Rockets : 0 - Wranglers : 2.
17:23 of 1st period - Nico Sturm wins face-off versus Nick Suzuki in neutral zone.
17:49 of 1st period - Jacob Larsson is hit by Jesper Bratt and loses puck.
17:55 of 1st period - Off-side.
17:56 of 1st period - Grant Besse wins face-off versus Chandler Stephenson in neutral zone.
18:11 of 1st period - Backhand shot by Ryan Donato.
18:11 of 1st period - Goal by Ryan Donato - Rockets : 0 - Wranglers : 3.
18:12 of 1st period - Tage Thompson wins face-off versus Nico Sturm in neutral zone.
18:23 of 1st period - Snap shot by Brady Tkachuk.
18:23 of 1st period - Stopped by Vitek Vanecek without a rebound.
18:24 of 1st period - Nick Suzuki wins face-off versus Nico Sturm in Wranglers zone.
18:25 of 1st period - Snap shot by Tage Thompson.
18:25 of 1st period - Stopped by Vitek Vanecek with a rebound.
18:53 of 1st period - Slapshot by Jeff Corbett.
18:53 of 1st period - Stopped by Vitek Vanecek with a rebound.
19:22 of 1st period - Icing by Brandon Hickey.
19:23 of 1st period - Phillip Danault wins face-off versus Nick Suzuki in Wranglers zone.
19:32 of 1st period - Wrist shot by Phillip Danault.
19:32 of 1st period - Stopped by Pyotr Kochetkov with a rebound.
19:34 of 1st period - Slapshot by Christian Jaros.
19:34 of 1st period - Stopped by Pyotr Kochetkov with a rebound.
19:36 of 1st period - Slapshot by Brandon Hickey.
19:36 of 1st period - Stopped by Pyotr Kochetkov with a rebound.
19:38 of 1st period - Slapshot by Christian Jaros.
19:38 of 1st period - Stopped by Pyotr Kochetkov with a rebound.
19:40 of 1st period - Backhand shot by Christian Jaros.
19:40 of 1st period - Deflect By Nick Suzuki.
19:40 of 1st period - Stopped by Pyotr Kochetkov without a rebound.
19:41 of 1st period - Grant Besse wins face-off versus Nico Sturm in Rockets zone.
19:41 of 1st period - Grant Besse is hit by Peter Cehlarik.
19:47 of 1st period - Snap shot by Matias Maccelli.
19:47 of 1st period - Shot Blocked by Frank Corrado.
Goals for this period are 0 for Rockets vs 3 for Wranglers.
Shots for this period are 12 for Rockets vs 17 for Wranglers.
2nd period
0:01 of 2nd period - Nico Sturm wins face-off versus Nick Suzuki in neutral zone.
0:01 of 2nd period - Nico Sturm is hit by Arber Xhekaj.
0:14 of 2nd period - Brady Tkachuk is hit by Peter Cehlarik and loses puck.
0:36 of 2nd period - Grant Besse is hit by Jesper Bratt and loses puck.
1:20 of 2nd period - Wrist shot by Phillip Danault.
1:20 of 2nd period - Shot Misses the Net.
1:22 of 2nd period - Slapshot by Frank Corrado.
1:22 of 2nd period - Shot Blocked by Alex Newhook.
1:24 of 2nd period - Wrist shot by Vladislav Kamenev.
1:24 of 2nd period - Shot Blocked by Bowen Byram.
1:40 of 2nd period - Wrist shot by Nico Sturm.
1:40 of 2nd period - Shot Misses the Net.
1:42 of 2nd period - Slapshot by Trevor Carrick.
1:42 of 2nd period - Stopped by Pyotr Kochetkov with a rebound.
1:44 of 2nd period - Slapshot by Dominik Masin.
1:44 of 2nd period - Shot Misses the Net.
1:56 of 2nd period - Slapshot by Josh Anderson.
1:56 of 2nd period - Stopped by Vitek Vanecek without a rebound.
1:57 of 2nd period - Chandler Stephenson wins face-off versus Grant Besse in Wranglers zone.
1:57 of 2nd period - Chandler Stephenson is hit by Josh Anderson.
2:17 of 2nd period - Matias Maccelli is hit by Jesper Bratt and loses puck.
2:35 of 2nd period - Minor Penalty to Erik Brannstrom for Tripping.
2:36 of 2nd period - Nick Suzuki wins face-off versus Ryan Spooner in Wranglers zone.
2:39 of 2nd period - Minor Penalty to Moritz Seider for Tripping.
2:40 of 2nd period - Nick Suzuki wins face-off versus Nico Sturm in Rockets zone.
2:50 of 2nd period - Snap shot by Peter Cehlarik.
2:50 of 2nd period - Stopped by Pyotr Kochetkov with a rebound.
3:00 of 2nd period - Frank Corrado is hit by Arber Xhekaj and loses puck.
3:17 of 2nd period - Nico Sturm is hit by Arber Xhekaj and loses puck.
3:30 of 2nd period - Chandler Stephenson is hit by Jacob Larsson and loses puck.
4:03 of 2nd period - Alex Newhook is hit by Frank Corrado and loses puck.
4:35 of 2nd period - Penalty to Erik Brannstrom is over, Erik Brannstrom is back on ice.
4:39 of 2nd period - Penalty to Moritz Seider is over, Moritz Seider is back on ice.
4:47 of 2nd period - Wrist shot by Nico Sturm.
4:47 of 2nd period - Stopped by Pyotr Kochetkov without a rebound.
4:48 of 2nd period - Tanner Jeannot wins face-off versus Zach Stepan in Rockets zone.
5:03 of 2nd period - Snap shot by Taylor Raddysh.
5:03 of 2nd period - Shot Misses the Net.
5:49 of 2nd period - Icing by Nico Sturm.
5:50 of 2nd period - Nico Sturm wins face-off versus Grant Besse in Wranglers zone.
6:01 of 2nd period - Wrist shot by Josh Anderson.
6:01 of 2nd period - Shot Misses the Net.
7:37 of 2nd period - Off-side.
7:38 of 2nd period - Ryan Donato wins face-off versus Brady Tkachuk in neutral zone.
7:55 of 2nd period - Tage Thompson is hit by Ryan Donato.
8:08 of 2nd period - Minor Penalty to Eric Karlsson for Hooking.
8:09 of 2nd period - Barclay Goodrow wins face-off versus Grant Besse in Rockets zone.
8:21 of 2nd period - Slapshot by Erik Brannstrom.
8:21 of 2nd period - Stopped by Pyotr Kochetkov with a rebound.
8:39 of 2nd period - Slapshot by Erik Brannstrom.
8:39 of 2nd period - Shot Blocked by Jacob Bryson.
8:53 of 2nd period - Snap shot by Zach Stepan.
8:53 of 2nd period - Deflect By Tage Thompson.
8:53 of 2nd period - Stopped by Vitek Vanecek with a rebound.
8:55 of 2nd period - Slapshot by Jeff Corbett.
8:55 of 2nd period - Shot Blocked by Erik Brannstrom.
8:57 of 2nd period - Snap shot by Jeff Corbett.
8:57 of 2nd period - Deflect By Erik Brannstrom.
8:57 of 2nd period - Stopped by Vitek Vanecek without a rebound.
8:58 of 2nd period - Chandler Stephenson wins face-off versus Grant Besse in Wranglers zone.
9:13 of 2nd period - Wrist shot by Chandler Stephenson.
9:13 of 2nd period - Stopped by Pyotr Kochetkov without a rebound.
9:14 of 2nd period - Grant Besse wins face-off versus Nico Sturm in Rockets zone.
9:25 of 2nd period - Snap shot by Nico Sturm.
9:25 of 2nd period - Stopped by Pyotr Kochetkov with a rebound.
9:27 of 2nd period - Wrist shot by Nico Sturm.
9:27 of 2nd period - Shot Misses the Net.
9:29 of 2nd period - Slapshot by Frank Corrado.
9:29 of 2nd period - Stopped by Pyotr Kochetkov without a rebound.
9:30 of 2nd period - Grant Besse wins face-off versus Nico Sturm in Rockets zone.
10:08 of 2nd period - Penalty to Eric Karlsson is over, Eric Karlsson is back on ice.
10:14 of 2nd period - Snap shot by Erik Brannstrom.
10:14 of 2nd period - Stopped by Pyotr Kochetkov without a rebound.
10:15 of 2nd period - Kirby Dach wins face-off versus Phillip Danault in Rockets zone.
10:31 of 2nd period - Wrist shot by Cole Caufield.
10:31 of 2nd period - Shot Misses the Net.
10:41 of 2nd period - Tage Thompson is hit by Barclay Goodrow and loses puck.
11:16 of 2nd period - Backhand shot by Chandler Stephenson.
11:16 of 2nd period - Shot Misses the Net.
12:04 of 2nd period - Vitali Kravtsov is hit by Arber Xhekaj and loses puck.
12:23 of 2nd period - Snap shot by Nico Sturm.
12:23 of 2nd period - Shot Misses the Net.
13:08 of 2nd period - Icing by Dominik Masin.
13:09 of 2nd period - Ryan Spooner wins face-off versus Tage Thompson in Wranglers zone.
13:48 of 2nd period - Frank Corrado is hit by Arber Xhekaj and loses puck.
14:43 of 2nd period - Wrist shot by Barclay Goodrow.
14:43 of 2nd period - Stopped by Pyotr Kochetkov without a rebound.
14:44 of 2nd period - Nick Suzuki wins face-off versus Chandler Stephenson in Rockets zone.
15:13 of 2nd period - Slapshot by Jeff Corbett.
15:13 of 2nd period - Shot Misses the Net.
16:09 of 2nd period - Christian Jaros is hit by Eric Karlsson.
16:33 of 2nd period - Christian Jaros is hit by Jayden Struble and loses puck.
17:44 of 2nd period - Snap shot by Erik Brannstrom.
17:44 of 2nd period - Shot Blocked by Jacob Larsson.
18:25 of 2nd period - Snap shot by Vitali Kravtsov.
18:25 of 2nd period - Goal by Vitali Kravtsov - Rockets : 0 - Wranglers : 4.
18:26 of 2nd period - Nico Sturm wins face-off versus Nick Suzuki in neutral zone.
19:02 of 2nd period - Wrist shot by Grant Besse.
19:02 of 2nd period - Shot Misses the Net.
19:34 of 2nd period - Jayden Struble is hit by Barclay Goodrow and loses puck.
19:43 of 2nd period - Slapshot by Eric Karlsson.
19:43 of 2nd period - Shot Misses the Net.
19:45 of 2nd period - Slapshot by Jacob Larsson.
19:45 of 2nd period - Shot Blocked by Christian Jaros.
19:47 of 2nd period - Snap shot by Cole Caufield.
19:47 of 2nd period - Goal by Cole Caufield - Rockets : 1 - Wranglers : 4.
19:48 of 2nd period - Nico Sturm wins face-off versus Nick Suzuki in neutral zone.
19:51 of 2nd period - Jacob Bryson is hit by Nico Sturm and loses puck.
Goals for this period are 1 for Rockets vs 1 for Wranglers.
Shots for this period are 4 for Rockets vs 10 for Wranglers.
3rd period
0:01 of 3rd period - Nick Suzuki wins face-off versus Peter Cehlarik in neutral zone.
0:07 of 3rd period - Off-side.
0:08 of 3rd period - Nick Suzuki wins face-off versus Nico Sturm in neutral zone.
0:35 of 3rd period - Snap shot by Barclay Goodrow.
0:35 of 3rd period - Shot Blocked by Nick Suzuki.
0:55 of 3rd period - Wrist shot by Nico Sturm.
0:55 of 3rd period - Shot Blocked by Nick Suzuki.
1:00 of 3rd period - Minor Penalty to Nick Suzuki for Roughing.
1:01 of 3rd period - Chandler Stephenson wins face-off versus Grant Besse in Rockets zone.
2:47 of 3rd period - Jacob Larsson is hit by Frank Corrado and loses puck.
2:54 of 3rd period - Slapshot by Erik Brannstrom.
2:54 of 3rd period - Deflect By Ryan Donato.
2:54 of 3rd period - Stopped by Pyotr Kochetkov with a rebound.
2:56 of 3rd period - Slapshot by Erik Brannstrom.
2:56 of 3rd period - Deflect By Taylor Raddysh.
2:56 of 3rd period - Shot Misses the Net.
2:56 of 3rd period - Puck is out of play.
2:57 of 3rd period - Grant Besse wins face-off versus Nico Sturm in Rockets zone.
3:00 of 3rd period - Penalty to Nick Suzuki is over, Nick Suzuki is back on ice.
4:06 of 3rd period - Icing by Jayden Struble.
4:07 of 3rd period - Nico Sturm wins face-off versus Kirby Dach in Rockets zone.
4:08 of 3rd period - Wrist shot by Peter Cehlarik.
4:08 of 3rd period - Shot Misses the Net.
4:44 of 3rd period - Slapshot by Chandler Stephenson.
4:44 of 3rd period - Shot Blocked by Jayden Struble.
4:46 of 3rd period - Slapshot by Chandler Stephenson.
4:46 of 3rd period - Shot Blocked by Bowen Byram.
5:08 of 3rd period - Eric Karlsson is hit by Frank Corrado and loses puck.
5:33 of 3rd period - Wrist shot by Eric Karlsson.
5:33 of 3rd period - Shot Blocked by Erik Brannstrom.
5:35 of 3rd period - Snap shot by Kirby Dach.
5:35 of 3rd period - Goal by Kirby Dach - Rockets : 2 - Wranglers : 4.
5:36 of 3rd period - Nico Sturm wins face-off versus Nick Suzuki in neutral zone.
5:48 of 3rd period - Icing by Nick Suzuki.
5:49 of 3rd period - Nick Suzuki wins face-off versus Nico Sturm in Rockets zone.
6:18 of 3rd period - Wrist shot by Brady Tkachuk.
6:18 of 3rd period - Stopped by Vitek Vanecek without a rebound.
6:19 of 3rd period - Grant Besse wins face-off versus Chandler Stephenson in Wranglers zone.
6:38 of 3rd period - Matias Maccelli is hit by Ryan Donato and loses puck.
6:43 of 3rd period - Wrist shot by Chandler Stephenson.
6:43 of 3rd period - Stopped by Pyotr Kochetkov with a rebound.
6:45 of 3rd period - Wrist shot by Ryan Donato.
6:45 of 3rd period - Shot Misses the Net.
6:47 of 3rd period - Slapshot by Ryan Donato.
6:47 of 3rd period - Stopped by Pyotr Kochetkov with a rebound.
6:49 of 3rd period - Snap shot by Jesper Bratt.
6:49 of 3rd period - Stopped by Pyotr Kochetkov with a rebound.
6:51 of 3rd period - Wrist shot by Jesper Bratt.
6:51 of 3rd period - Shot Misses the Net.
6:53 of 3rd period - Slapshot by Erik Brannstrom.
6:53 of 3rd period - Stopped by Pyotr Kochetkov with a rebound.
6:55 of 3rd period - Snap shot by Chandler Stephenson.
6:55 of 3rd period - Shot Misses the Net.
6:57 of 3rd period - Slapshot by Erik Brannstrom.
6:57 of 3rd period - Stopped by Pyotr Kochetkov with a rebound.
7:23 of 3rd period - Snap shot by Grant Besse.
7:23 of 3rd period - Shot Blocked by Ryan Donato.
7:47 of 3rd period - Snap shot by Jacob Larsson.
7:47 of 3rd period - Deflect By Josh Anderson.
7:47 of 3rd period - Shot Blocked by Ryan Donato.
7:47 of 3rd period - Puck is out of play.
7:48 of 3rd period - Nick Suzuki wins face-off versus Nico Sturm in Wranglers zone.
7:49 of 3rd period - Wrist shot by Brady Tkachuk.
7:49 of 3rd period - Stopped by Vitek Vanecek with a rebound.
7:51 of 3rd period - Slapshot by Jeff Corbett.
7:51 of 3rd period - Stopped by Vitek Vanecek with a rebound.
7:55 of 3rd period - Slapshot by Nick Suzuki.
7:55 of 3rd period - Stopped by Vitek Vanecek with a rebound.
7:57 of 3rd period - Snap shot by Nick Suzuki.
7:57 of 3rd period - Deflect By Brady Tkachuk.
7:57 of 3rd period - Shot Blocked by Peter Cehlarik.
7:57 of 3rd period - Puck is out of play.
7:58 of 3rd period - Nico Sturm wins face-off versus Nick Suzuki in Wranglers zone.
7:58 of 3rd period - Nico Sturm is hit by Nick Suzuki.
8:08 of 3rd period - Slapshot by Nick Suzuki.
8:08 of 3rd period - Shot Blocked by Brandon Hickey.
8:14 of 3rd period - Snap shot by Nick Suzuki.
8:14 of 3rd period - Shot Misses the Net.
8:16 of 3rd period - Snap shot by Brady Tkachuk.
8:16 of 3rd period - Shot Blocked by Barclay Goodrow.
8:18 of 3rd period - Wrist shot by Nick Suzuki.
8:18 of 3rd period - Stopped by Vitek Vanecek with a rebound.
8:20 of 3rd period - Wrist shot by Tage Thompson.
8:20 of 3rd period - Goal by Tage Thompson - Rockets : 3 - Wranglers : 4.
8:21 of 3rd period - Nick Suzuki wins face-off versus Nico Sturm in neutral zone.
8:24 of 3rd period - Wrist shot by Nick Suzuki.
8:24 of 3rd period - Stopped by Vitek Vanecek without a rebound.
8:25 of 3rd period - Nico Sturm wins face-off versus Nick Suzuki in Wranglers zone.
8:27 of 3rd period - Minor Penalty to Erik Brannstrom for Roughing.
8:28 of 3rd period - Ryan Spooner wins face-off versus Nick Suzuki in Wranglers zone.
8:38 of 3rd period - Slapshot by Jeff Corbett.
8:38 of 3rd period - Deflect By Brady Tkachuk.
8:38 of 3rd period - Stopped by Vitek Vanecek without a rebound.
8:39 of 3rd period - Nick Suzuki wins face-off versus Ryan Spooner in Wranglers zone.
10:27 of 3rd period - Penalty to Erik Brannstrom is over, Erik Brannstrom is back on ice.
11:15 of 3rd period - Snap shot by Josh Anderson.
11:15 of 3rd period - Goal by Josh Anderson - Rockets : 4 - Wranglers : 4.
11:16 of 3rd period - Nick Suzuki wins face-off versus Nico Sturm in neutral zone.
12:17 of 3rd period - Icing by Jeff Corbett.
12:18 of 3rd period - Phillip Danault wins face-off versus Grant Besse in Rockets zone.
12:29 of 3rd period - Slapshot by Barclay Goodrow.
12:29 of 3rd period - Shot Blocked by Josh Anderson.
12:31 of 3rd period - Snap shot by Peter Cehlarik.
12:31 of 3rd period - Stopped by Pyotr Kochetkov with a rebound.
12:54 of 3rd period - Snap shot by Brady Tkachuk.
12:54 of 3rd period - Shot Hit the Post.
12:56 of 3rd period - Slapshot by Moritz Seider.
12:56 of 3rd period - Stopped by Vitek Vanecek without a rebound.
12:57 of 3rd period - Nick Suzuki wins face-off versus Peter Cehlarik in Wranglers zone.
13:12 of 3rd period - Snap shot by Brady Tkachuk.
13:12 of 3rd period - Stopped by Vitek Vanecek without a rebound.
13:13 of 3rd period - Grant Besse wins face-off versus Chandler Stephenson in Wranglers zone.
13:39 of 3rd period - Brandon Hickey is hit by Brady Tkachuk and loses puck.
14:08 of 3rd period - Aliaksei Protas is hit by Tanner Jeannot and loses puck.
14:45 of 3rd period - Slapshot by Moritz Seider.
14:45 of 3rd period - Deflect By Dominik Masin.
14:45 of 3rd period - Stopped by Vitek Vanecek without a rebound.
14:46 of 3rd period - Chandler Stephenson wins face-off versus Nick Suzuki in Wranglers zone.
14:54 of 3rd period - Brady Tkachuk is hit by Chandler Stephenson and loses puck.
15:47 of 3rd period - Slapshot by Jeff Corbett.
15:47 of 3rd period - Stopped by Vitek Vanecek with a rebound.
16:03 of 3rd period - Snap shot by Peter Cehlarik.
16:03 of 3rd period - Stopped by Pyotr Kochetkov with a rebound.
16:11 of 3rd period - Snap shot by Nico Sturm.
16:11 of 3rd period - Stopped by Pyotr Kochetkov with a rebound.
16:13 of 3rd period - Snap shot by Nico Sturm.
16:13 of 3rd period - Stopped by Pyotr Kochetkov with a rebound.
16:15 of 3rd period - Wrist shot by Peter Cehlarik.
16:15 of 3rd period - Deflect By Barclay Goodrow.
16:15 of 3rd period - Goal by Barclay Goodrow - Rockets : 4 - Wranglers : 5.
16:16 of 3rd period - Ryan Spooner wins face-off versus Nick Suzuki in neutral zone.
16:41 of 3rd period - Jesper Bratt is hit by Alex Newhook and loses puck.
17:12 of 3rd period - Snap shot by Nico Sturm.
17:12 of 3rd period - Shot Blocked by Jayden Struble.
17:14 of 3rd period - Snap shot by Peter Cehlarik.
17:14 of 3rd period - Stopped by Pyotr Kochetkov with a rebound.
17:20 of 3rd period - Minor Penalty to Eric Karlsson for Slashing.
17:21 of 3rd period - Grant Besse wins face-off versus Nico Sturm in Rockets zone.
17:46 of 3rd period - Arber Xhekaj is hit by Chandler Stephenson and loses puck.
18:20 of 3rd period - Zach Stepan is hit by Tanner Jeannot and loses puck.
19:20 of 3rd period - Penalty to Eric Karlsson is over, Eric Karlsson is back on ice.
19:28 of 3rd period - Rockets, Pyotr Kochetkov is pulled from the net.
19:52 of 3rd period - Slapshot by Erik Brannstrom.
19:52 of 3rd period - Shot Misses the Net.
Goals for this period are 3 for Rockets vs 1 for Wranglers.
Shots for this period are 14 for Rockets vs 12 for Wranglers.